 Dungeon Crawl Stone Soup version 0.28-a0-407-g69098e2f6d (webtiles) character file.

Game seed: 5974922763545847218

37 dolemite99 the Cutter (level 3, -2/27 HPs)
             Began as a Demonspawn Gladiator on Sept 5, 2021.
             Was a Plaything of Xom.
             Slain by a worm (10 damage)
             ... on level 2 of the Dungeon.
             The game lasted 00:00:56 (1731 turns).

dolemite99 the Cutter (Demonspawn Gladiator)        Turns: 1731, Time: 00:00:57

Health: -2/27      AC:  4    Str: 15    XL:     3   Next: 23%
Magic:  3/3        EV: 12    Int:  9    God:    Xom [..*...]
Gold:   40         SH:  0    Dex: 14    Spells: 2/2 levels left

rFire   . . .      SeeInvis .   a - +0 rapier
rCold   . . .      Faith    .   (no shield)
rNeg    . . .      Spirit   .   b - +0 leather armour
rPois   .          Reflect  .   c - +0 helmet
rElec   .          Harm     .   (no cloak)
rCorr   .          Rampage  .   (no gloves)
Will    .....                   (no boots)
Stlth   +.........              (no amulet)
HPRegen 0.09/turn               (no ring)
MPRegen 0.08/turn               (no ring)

@: no status effects
A: ignite blood 1
a: Renounce Religion


You were on level 2 of the Dungeon.
You worshipped Xom.
You were a toy of Xom.
You visited 1 branch of the dungeon, and saw 2 of its levels.

You collected 40 gold pieces.

Inventory:

Hand Weapons
 a - a +0 rapier (weapon)
Missiles
 d - 3 throwing nets (quivered)
Armour
 b - a +0 leather armour (worn)
 c - a +0 helmet (worn)
Scrolls
 f - a scroll of identify {unknown}
 g - a scroll of immolation {unknown}
 h - a scroll of fear {unknown}
 i - a scroll of acquirement {unknown}
Potions
 e - a potion of invisibility {unknown}


   Skills:
 - Level 2.0 Fighting
 + Level 4.0 Short Blades
 - Level 1.7 Throwing
 - Level 2.6 Dodging


You had 2 spell levels left.
You didn't know any spells.
Your spell library was empty.

Dungeon Overview and Level Annotations

Branches:
Dungeon (2/15)

Altars:
Gozag
Xom


Innate Abilities, Weirdness & Mutations

Your demonic aura sometimes causes spilled blood to erupt in flames.


Message History

No target in view!
You now have 40 gold pieces (gained 8).
You enter the shallow water.
Moving in this stuff is going to be slow.
A worm comes into view.
You enter the shallow water.
Moving in this stuff is going to be slow.
Found 8 gold pieces.
A worm is nearby!
A worm is nearby!
Found an opulent altar of Gozag.
You enter the shallow water.
Moving in this stuff is going to be slow.
A worm is nearby!
The worm bites you.
Your unstable footing causes you to fumble your attack.
The worm bites you!
You hit the worm.
The worm is moderately wounded.
The worm closely misses you.
You barely miss the worm.
The worm is moderately wounded.
You are too injured to fight recklessly!
The worm barely misses you.
You hit the worm.
The worm is moderately wounded.
You puncture the worm!
The worm is severely wounded.
The worm bites you.
* * * LOW HITPOINT WARNING * * *
You barely miss the worm.
The worm is severely wounded.
The worm barely misses you.
You barely miss the worm.
The worm is severely wounded.
A worm is nearby!
You hit the worm.
The worm is almost dead.
The worm bites you!
You die...

.......≈≈≈.≈..#..##....
.........≈≈....##.......
.........≈≈≈.≈≈##.##..>.
#.._....≈.≈≈............
#........≈≈≈............
#.........≈≈≈...........
#.......≈.≈≈≈≈≈....#....
.......w≈≈.≈.≈≈.########
#......@..≈≈≈...#
........≈.≈≈.≈≈.#
#........≈≈≈.≈..#
#...$.....≈≈....#
##########≈≈#...#
#≈≈###.# ##≈≈ #.#
###≈#.# ###


You could see a worm.

Vanquished Creatures
  6 bats (D:1)
  4 endoplasms (D:1)
  A giant cockroach (D:1)
  2 goblins (D:1)
  2 hobgoblins (D:1)
  4 quokkas (D:1)
  4 ball pythons (D:1)
  5 kobolds (D:1)
  5 rats (D:1)
33 creatures vanquished.

Notes
Turn   | Place    | Note
-------+----------+-------------------------------------------
     0 | D:1      | dolemite99 the Demonspawn Gladiator began the quest for the
                  | Orb.
     0 | D:1      | Reached XP level 1. HP: 16/16 MP: 1/1
   150 | D:1      | Reached skill level 3 in Short Blades
   464 | D:1      | Gained mutation: Your demonic aura sometimes causes spilled
                  | blood to erupt in flames. [demonic ancestry]
   464 | D:1      | Reached XP level 2. HP: 16/22 MP: 2/2
  1263 | D:1      | Reached XP level 3. HP: 23/27 MP: 3/3
  1458 | D:1      | Found a faded altar of an unknown god.
  1479 | D:1      | Became a worshipper of Xom of Chaos
  1488 | D:1      | Reached skill level 4 in Short Blades
  1720 | D:2      | Found an opulent altar of Gozag.
  1731 | D:2      | Slain by a worm

Illustrated notes

Levels and vault maps discovered:
D:1:      dpeg_arrival_round_c, layout_loops_corners,
          hellmonk_ecumenical_altar_crossroads, minmay_misc_feat_tiny
D:2:      layout_rooms, basic_altar, chequers_serial_rivers_small_3

Skill      XL: |  1  2  3 |
---------------+----------+-----
Short Blades   | 3 4 |  4.0
Fighting       | |  2.0
Throwing       | |  1.7
Dodging        | |  2.6

Action                   || total
-------------------------++-------
Melee: Rapier            ||   111
Armor: Leather armour    ||    55
Dodge: Dodged            ||    88

Table legend: (Time is in decaauts)
 A = Elapsed time spent in this place.
 B = Non-inter-level travel time spent in this place.
 C = Inter-level travel time spent in this place.
 D = Time resting spent in this place.
 E = Time spent auto-exploring this place.
 F = Levels seen in this place.
 G = Mean time per level.
                   A        B        C        D        E       F      G
               +--------+--------+--------+--------+--------+-----+--------+
         Total |   1736 |   1701 |     35 |    306 |   1130 |   2 |  868.0 |
       Dungeon |   1736 |   1701 |     35 |    306 |   1130 |   2 |  868.0 |
               +--------+--------+--------+--------+--------+-----+--------+

Top non-repeatable levels by time:
     D:1: 1673 daAuts
     D:2: 63 daAuts
